 Dungeon Crawl Stone Soup version 0.28.0-43-g3370ac3207 (webtiles) character file.

Game seed: 16009488285163679816

98 Ablot the Grasshopper (level 4, -1/38 HPs)
             Began as a Gnoll Warper on Mar 11, 2022.
             Succumbed to an adder's poison
             ... on level 3 of the Dungeon.
             The game lasted 00:02:29 (2542 turns).

Ablot the Grasshopper (Gnoll Warper)                Turns: 2542, Time: 00:02:29

Health: -1/38      AC:  4    Str: 13    XL:     4   Next: 69%
Magic:  11/11      EV: 12    Int: 12    God:
Gold:   96         SH:  0    Dex: 11    Spells: 11/13 levels left

rFire   . . .      SeeInvis .   a - +0 spear
rCold   . . .      Faith    .   (no shield)
rNeg    . . .      Spirit   .   b - +0 leather armour
rPois   .          Reflect  .   (no helmet)
rElec   .          Harm     .   (no cloak)
rCorr   .          Rampage  .   (no gloves)
Will    .....                   n - +0 pair of boots
Stlth   +.........              (no amulet)
HPRegen 0.12/turn               (no ring)
MPRegen 0.12/turn               (no ring)

@: lethally poisoned (-1 -> -6), flying
A: fangs 1, strong nose, distributed training
a: no special abilities


You were on level 3 of the Dungeon.
You visited 1 branch of the dungeon, and saw 3 of its levels.

You collected 96 gold pieces.

Inventory:

Hand Weapons
 a - a +0 spear (weapon)
 l - a +0 hunting sling
Missiles
 d - 5 boomerangs of dispersal (quivered)
 e - 43 sling bullets
 g - 101 stones
 i - 11 arrows
Armour
 b - a +0 leather armour (worn)
 n - a +0 pair of boots (worn)
Scrolls
 c - a scroll of blinking
 j - 5 scrolls of teleportation {unknown}
 o - a scroll of magic mapping {unknown}
 q - a scroll of noise {unknown}
Potions
 f - a potion of brilliance {unknown}
 h - a potion of magic {unknown}
 k - a potion of haste {unknown}
 m - a potion of degeneration {unknown}
 p - 2 potions of flight
 r - a potion of curing {unknown}
 s - a potion of resistance {unknown}


   Skills:
 + Level 4.7 Fighting
 + Level 1.2 Short Blades
 + Level 1.2 Long Blades
 + Level 1.2 Axes
 + Level 1.2 Maces & Flails
 + Level 4.7 Polearms
 + Level 1.2 Staves
 + Level 1.2 Slings
 + Level 1.2 Bows
 + Level 1.2 Crossbows
 + Level 2.8 Throwing
 + Level 2.8 Armour
 + Level 4.7 Dodging
 + Level 1.2 Stealth
 + Level 1.2 Shields
 + Level 1.2 Unarmed Combat
 + Level 5.1 Spellcasting
 + Level 1.0 Conjurations
 + Level 1.0 Hexes
 + Level 1.0 Summonings
 + Level 1.0 Necromancy
 + Level 5.5 Translocations
 + Level 1.0 Transmutations
 + Level 1.0 Fire Magic
 + Level 1.0 Ice Magic
 + Level 1.0 Air Magic
 + Level 1.0 Earth Magic
 + Level 1.0 Poison Magic
 + Level 1.3 Invocations
 + Level 1.2 Evocations


You had 11 spell levels left.
You knew the following spells:

 Your Spells              Type           Power      Damage    Failure   Level
a - Blink                 Tloc           32%        N/A       4%          2

Your spell library contained the following spells:

 Spells                   Type           Power      Damage    Failure   Level
 Gell's Gravitas          Tloc           16%        N/A       8%          3
 Lesser Beckoning         Tloc           16%        N/A       8%          3
 Teleport Other           Tloc           16%        N/A       8%          3
 Manifold Assault         Tloc           16%        N/A       58%         5


Dungeon Overview and Level Annotations

Branches:
Dungeon (3/15)

Altars:

Shops:
D:3 (

Annotations:
D:3 1 runed translucent door, Crazy Yiuf


Innate Abilities, Weirdness & Mutations

You have very sharp teeth.
Your uncanny sense of smell can sniff out nearby items.
Your experience applies equally to all skills.


Message History

The adder bites you but does no damage. The adder bites you.
You are more poisoned.
The adder poisons you!
You miss the adder.
The adder is severely wounded.
You feel very sick. The adder closely misses you. The adder barely misses you.
You are too injured to fight recklessly!
You are too injured to fight recklessly!
You are too injured to fight recklessly!
You are too injured to fight recklessly!
You are too injured to fight recklessly!
You are too injured to fight recklessly!
You are too injured to fight recklessly!
You are too injured to fight recklessly!
You are too injured to fight recklessly!
You are too injured to fight recklessly!
You are too injured to fight recklessly!
You are too injured to fight recklessly!
You are too injured to fight recklessly!
You are too injured to fight recklessly!
You are too injured to fight recklessly!
You feel very sick. The adder misses you.
You feel sick. The adder closely misses you.
You feel sick.
You feel sick. The adder bites you.
* * * LOW HITPOINT WARNING * * *
You are lethally poisoned!
The adder poisons you!
* * * LOW HITPOINT WARNING * * *
You feel sick.
* * * LOW HITPOINT WARNING * * *
You feel sick.
* * * LOW HITPOINT WARNING * * *
You feel sick.
It was a potion of flight.
You feel very buoyant.
You fly up into the air.
You die...

### ### ## #.#########.# .##
#...........# .. ..
#.#########.# .# #. #.#
#....#.####.###### #. #.#
#.##.#......#..... #.
######.####.##..@SS.........
#.
............########..#.#.##
#. ........######....##..#
#.#
......................#+#.
#.<
##.........................
#..
##........................#
#..
##........................#
#..
.........................#
#..
........................#.#
#..


You could see 2 adders.

Vanquished Creatures
  5 adders
  2 worms
  An orc (D:3)
  6 endoplasms
  A giant cockroach (D:2)
  6 goblins
  2 hobgoblins (D:1)
  A jackal (D:2)
  3 kobolds
  3 quokkas
  2 ball pythons
  4 bats
  6 frilled lizards
  7 rats
49 creatures vanquished.

Notes
Turn   | Place    | Note
-------+----------+-------------------------------------------
     0 | D:1      | Ablot the Gnoll Warper began the quest for the Orb.
     0 | D:1      | Reached XP level 1. HP: 20/20 MP: 6/6
   258 | D:1      | Found a faded altar of an unknown god.
   263 | D:1      | Reached XP level 2. HP: 20/26 MP: 7/7
   266 | D:1      | Learned a level 2 spell: Blink
   847 | D:2      | Reached XP level 3. HP: 24/31 MP: 9/9
   936 | D:2      | Reached skill level 5 in Spellcasting
  1200 | D:2      | Reached skill level 1 in Invocations
  1466 | D:2      | Reached skill level 1 in Short Blades
  1466 | D:2      | Reached skill level 1 in Long Blades
  1466 | D:2      | Reached skill level 1 in Axes
  1466 | D:2      | Reached skill level 1 in Maces & Flails
  1466 | D:2      | Reached skill level 1 in Staves
  1466 | D:2      | Reached skill level 1 in Slings
  1466 | D:2      | Reached skill level 1 in Bows
  1466 | D:2      | Reached skill level 1 in Crossbows
  1466 | D:2      | Reached skill level 1 in Stealth
  1466 | D:2      | Reached skill level 1 in Shields
  1466 | D:2      | Reached skill level 1 in Unarmed Combat
  1466 | D:2      | Reached skill level 1 in Evocations
  1600 | D:2      | Reached XP level 4. HP: 32/38 MP: 11/11
  2347 | D:3      | Reached skill level 1 in Conjurations
  2347 | D:3      | Reached skill level 1 in Hexes
  2347 | D:3      | Reached skill level 1 in Summonings
  2347 | D:3      | Reached skill level 1 in Necromancy
  2347 | D:3      | Reached skill level 1 in Transmutations
  2347 | D:3      | Reached skill level 1 in Fire Magic
  2347 | D:3      | Reached skill level 1 in Ice Magic
  2347 | D:3      | Reached skill level 1 in Air Magic
  2347 | D:3      | Reached skill level 1 in Earth Magic
  2347 | D:3      | Reached skill level 1 in Poison Magic
  2364 | D:3      | Found Rahon's Weapon Shop.
  2407 | D:3      | Found a runed translucent door.
  2408 | D:3      | Noticed Crazy Yiuf
  2541 | D:3      | HP: 1/38 [poisoned by an adder]
  2542 | D:3      | Succumbed to an adder's poison

Illustrated notes

Levels and vault maps discovered:
D:1:      matt_arrival_refuge, layout_basic, hellmonk_ecumenical_altar_lost_god,
          chequers_serial_rivers_micro_c
D:2:      minmay_skewed_foursquare, layout_basic, item_on_display_b
D:3:      layout_basic, mainiacjoe_overflow_paths, serial_shops,
          nicolae_shop_bloodbath_and_beyond, uniq_crazy_yiuf_cottage

Skill      XL: |  1  2  3  4 |
---------------+-------------+-----
Spellcasting   | 5 |  5.1
Invocations    | 1 |  1.3
Short Blades   | 1 |  1.2
Long Blades    | 1 |  1.2
Axes           | 1 |  1.2
Maces & Flails | 1 |  1.2
Staves         | 1 |  1.2
Slings         | 1 |  1.2
Bows           | 1 |  1.2
Crossbows      | 1 |  1.2
Stealth        | 1 |  1.2
Shields        | 1 |  1.2
Unarmed Combat | 1 |  1.2
Evocations     | 1 |  1.2
Conjurations   | 1 |  1.0
Hexes          | 1 |  1.0
Summonings     | 1 |  1.0
Necromancy     | 1 |  1.0
Transmutations | 1 |  1.0
Fire Magic     | 1 |  1.0
Ice Magic      | 1 |  1.0
Air Magic      | 1 |  1.0
Earth Magic    | 1 |  1.0
Poison Magic   | 1 |  1.0
Fighting       | |  4.7
Polearms       | |  4.7
Throwing       | |  2.8
Armour         | |  2.8
Dodging        | |  4.7
Translocations | |  5.5

Action                   |  1- 3 |  4- 6 || total
-------------------------+-------+-------++-------
Melee: Spear             |   120 |    69 ||   189
       Punch             |     2 |     2 ||     4
       Bite              |     8 |     7 ||    15
  Use: Potion            |       |     1 ||     1
 Stab: Sleeping          |     2 |     1 ||     3
Armor: Leather armour    |    15 |    11 ||    26
Dodge: Dodged            |    41 |    35 ||    76
